 Dungeon Crawl Stone Soup version 0.22-a0-161-g198051c (webtiles) character file.

616009 Gorglomux the Slayer (level 26, -18/396 HPs)
             Began as a Minotaur Chaos Knight on Feb 11, 2018.
             Was a High Priest of Trog.
             Demolished by Orasueps the pandemonium lord (34 damage)
             ... on level 6 of the Dungeon.
             The game lasted 01:32:59 (54549 turns).

Gorglomux the Slayer (Minotaur Chaos Knight)       Turns: 54549, Time: 01:33:00

Health: -18/396    AC: 33    Str: 26    XL:     26   Next: 90%
Magic:  7/7        EV:  2    Int:  7    God:    Trog [*****.]
Gold:   4453       SH: 28    Dex: 14    Spells: 25/25 levels left

rFire    + . .     SeeInvis +   a - +9 broad axe (antimagic) {god gift}
rCold    + . .     Gourm    .   N - +3 large shield
rNeg     + + +     Faith    .   (armour currently unavailable)
rPois    +         Spirit   .   (helmet currently unavailable)
rElec    +         Reflect  .   (cloak currently unavailable)
rCorr    .         Harm     .   (gloves currently unavailable)
MR       +++..     Rnd*Rage +   (boots currently unavailable) Stlth +.........NoTele +
                                E - necklace of Bloodlust {*Rage +Rage MR++ Int-3 Slay+6 *Curse}
HPRegen  0.76/turn              C - ring "Lekle" {rPois rC+ SInv}
MPRegen  0.10/turn              K - ring of Dim Light {+Fly rElec rF+ SInv}

@: lethally poisoned (-18 -> -23), tree-form, berserk cooldown, slowed, very
slow
A: (retaliatory headbutt), thin skeletal structure 1, subdued magic 1
0: Orb of Zot
}: 3/15 runes: decaying, serpentine, silver
a: Berserk, Trog's Hand, Brothers in Arms, Burn Spellbooks, Renounce Religion,
Evoke Berserk Rage


You were on level 6 of the Dungeon.
You worshipped Trog.
Trog was extremely pleased with you.
You were not hungry.
You were a tree.
You visited 8 branches of the dungeon, and saw 46 of its levels.
You visited 1 bazaar.
You also visited: Sewer.

You collected 8352 gold pieces.
You spent 3899 gold pieces at shops.

Inventory:

Hand Weapons
 a - a +9 antimagic broad axe (weapon) {god gift}
 b - a +6 broad axe of chopping {god gift}
Missiles
 Z - 10 throwing nets (quivered)
Armour
 d - +1 gold dragon scales (melded)
 e - the +0 pair of gloves of Peek-a-Boo (melded) {MR- Int+6 Slay+4}
   (You bought it in a shop on level 7 of the Dungeon)

   It affects your intelligence (+6).
   It affects your accuracy and damage with ranged weapons and melee attacks
   (+4).
   It affects your resistance to hostile enchantments.
 r - the -2 hat of the Alchemist (melded) {rElec rPois rF+ rC+ rN+ MR+ rMut rCorr}
   (You found it on level 4 of the Depths)

   It protects you from fire.
   It protects you from cold.
   It insulates you from electricity.
   It protects you from poison.
   It protects you from negative energy.
   It affects your resistance to hostile enchantments.
   It protects you from acid and corrosion.
   It protects you from mutation.
 x - the +2 pair of boots of the Assassin (melded) {Detection Stab+ Stlth++}
   (You found it on level 3 of the Depths)

   It makes you much more stealthy.
 N - a +3 large shield (worn)
Jewellery
 c - an uncursed ring of protection from cold
 C - the ring "Lekle" (left branch) {rPois rC+ SInv}
   (You found it on level 5 of the Vaults)

   [ring of poison resistance]

   It protects you from cold.
   It protects you from poison.
   It lets you see invisible.
 E - the necklace of Bloodlust (around neck) {*Rage +Rage MR++ Int-3 Slay+6 *Curse}
   (You found it on level 4 of the Swamp)

   [amulet of rage]

   It affects your intelligence (-3).
   It affects your accuracy and damage with ranged weapons and melee attacks
   (+6).
   It affects your resistance to hostile enchantments.
   It lets you go berserk.
   It may make you go berserk in combat.
   It curses itself when equipped.
 F - a +4 amulet of reflection
 K - the ring of Dim Light (right branch) {+Fly rElec rF+ SInv}
   (You bought it in a shop on level 2 of the Orcish Mines)

   [ring of flight]

   It protects you from fire.
   It insulates you from electricity.
   It lets you see invisible.
   It lets you fly.
Wands
 A - a wand of acid (31)
 D - a wand of digging (54)
 I - a wand of iceblast (47)
 O - a wand of clouds (4)
 P - a wand of paralysis (43)
 S - a wand of scattershot (10)
Scrolls
 g - 13 scrolls of remove curse
 i - 9 scrolls of fog
 j - 3 scrolls of holy word
 l - 2 scrolls of enchant weapon
 n - 2 scrolls of enchant armour
 v - 7 scrolls of fear
 w - 6 scrolls of immolation
 y - a scroll of summoning
 z - 3 scrolls of silence
 B - 8 scrolls of blinking
 M - 4 scrolls of magic mapping
 R - 4 scrolls of identify
 T - 9 scrolls of teleportation
Potions
 f - 12 potions of flight
 h - 5 potions of agility
 m - 2 potions of invisibility
 o - a potion of haste
 q - 4 potions of cancellation
 s - 5 potions of heal wounds
 t - 3 potions of mutation
 u - 3 potions of might
 G - 6 potions of magic
 J - 7 potions of lignification
 L - 2 potions of brilliance
 Q - 6 potions of curing
 X - 2 potions of ambrosia
Books
 H - a book of Cantrips

   Spells                             Type                      Level
   a - Confusing Touch                Hexes                        1
   b - Animate Skeleton               Necromancy                   1
   c - Summon Small Mammal            Summoning                    1
   d - Apportation                    Translocation                1
   Trog disapproves of the use of such an item.
Miscellaneous
 U - a box of beasts
 V - 3 phantom mirrors
 W - a sack of spiders
 Y - a lamp of fire
Comestibles
 k - 52 rations


   Skills:
 + Level 26.4 Fighting
 - Level 18.0 Axes
 + Level 26.2 Armour
 + Level 24.5 Dodging
 + Level 23.8 Shields


You had 25 spell levels left.
You didn't know any spells.

Dungeon Overview and Level Annotations

Branches:
Dungeon (15/15)            Temple (0/1) D:6            Lair (6/6) D:8
  Swamp (4/4) Lair:2        Snake (4/4) Lair:2        Slime (0/5) Lair:5
    Orc (2/2) D:9             Elf (0/3) Orc:2        Vaults (5/5) D:13
  Crypt (0/3) Vaults:3     Depths (5/5) D:15            Zot (5/5) Depths:5

Altars:
Cheibriados
Fedhas
Gozag
Qazlal
Ru
Sif Muna
Trog
Uskayaw
Vehumet
Wu Jian
Xom
Zin
Beogh
Jiyva

Shops:
D:4 %   D:6 :   D:7 [   D:12 ?   D:14 *   Orc:2 *![}=   Snake:1 [?%*
Snake:3 [:%*   Vaults:1 }(*   Vaults:4 *   Depths:5 ?

Portals:
Hell: Depths:1 Depths:2 Depths:3 Depths:4 Depths:5
Abyss: Depths:4
Pandemonium: Depths:3
Ziggurat: Depths:5
Trove: Depths:3 (give 16 scrolls of teleportation)

Annotations:
Depths:1 exclusion: orange crystal statue


Innate Abilities, Weirdness & Mutations

((You reflexively headbutt those who attack you in melee.))
((You have a pair of horns on your head.))
You have a somewhat thin skeletal structure. (Dex +2, Stealth)
Your spells are a little easier to cast, but a little less powerful.


Message History

You completely miss Orasueps!
Orasueps is heavily wounded!
You are no longer berserk!
You are exhausted!
You feel yourself slow down!
You feel sick! Orasueps hits you! * * * don't die
* * * You completely miss Orasueps!
Orasueps is heavily wounded!
Butt feel sick!
Orasueps hits you but butts no damage!
You are more poisoned!
Orasueps butts you!!!!!! * * * don't die
* * * Unknown command!
Unknown command!
You butt much better!
You feel very sick! You block Orasueps's attack!
Orasueps hits you!!!!!! * * * don't die
* * * Orasueps hits you!!!!!! rip

...........## #.#.........#######
##### #.#..#####........# #....
#.#..#..A#..#.###.# #.###
..#._#...#_.##.##.# #.#
###..#...#..# #2#.# #.#
#..#####..# #..# #.#
#.........#####&###########.###
####...........5♣.......<........
.............####.............##.
####.###.....############.......>
#.# #..........[[.........###.
#.# #.....########...#........
#.# #........# ##......####.
#.##########.# #......# #. #...#
#)## #......# #. ####.#.# #..#
##..[..# ##


You could see Orasueps and a quasit.

Vanquished Creatures
  A seraph (Zot:5)
  8 orbs of fire
  7 ancient liches
  A juggernaut (Depths:4)
  2 pandemonium lords (Zot:5)
  Frederick (Depths:3)
  5 Killer Klowns
  Xtahua (Depths:5)
  2 curse toes
  11 golden dragons
  A caustic shrike (Depths:2)
  the Enchantress (Depths:4)
  2 bone dragons
  3 liches
  3 electric golems
  Jorgrun (Swamp:4)
  Rupert (Orc:2)
  An Ice Fiend (Zot:2)
  9 tentacled monstrosities
  27 Orb Guardians
  A Hell Sentinel (Depths:3)
  7 titans
  9 quicksilver dragons
  2 acid blobs (Depths:3)
  3 death cobs
  Gastronok (D:9)
  10 sphinxes
  4 shadow dragons
  4 draconian monks
  4 thorn hunters
  6 tengu reavers
  Roxanne (Snake:4)
  8 storm dragons
  9 nagarajas
  An azure jelly (Depths:3)
  8 frost giants
  6 fire giants
  15 vault wardens
  2 iron dragons
  5 draconian knights
  A cacodemon (D:6)
  Aizul (Depths:3)
  Louise (Swamp:2)
  3 balrugs
  3 draconian scorchers
  5 draconian shifters
  A deep elf elementalist (Vaults:5)
  11 ironheart preservers
  A reaper (D:15)
  2 angels (Zot:5)
  8 spriggan defenders
  25 stone giants
  3 war gargoyles (Vaults:5)
  4 draconian annihilators
  12 very ugly things
  5 vampire knights
  2 draconian stormcallers
  An entropy weaver (Vaults:4)
  6 black draconians
  7 green draconians
  2 deep elf demonologists
  A lorocyproca (Depths:3)
  A dire elephant (shapeshifter) (Vaults:5)
  2 spark wasps (Depths:2)
  8 purple draconians
  4 yellow draconians
  9 red draconians
  12 white draconians
  2 deep elf annihilators (Vaults:5)
  2 deep elf death magi
  A blizzard demon (Zot:5)
  13 ettins
  Snorg (Lair:6)
  The ghost of Gorice the Fighter, a journeyman GnWn (Lair:2)
  8 fire dragons
  2 green deaths
  2 jiangshi (Depths:3)
  16 yaktaur captains
  Harold (Lair:2)
  4 deep elf high priests
  6 great orbs of eyes
  4 rakshasas
  15 naga warriors
  6 spriggan air magi
  32 vault guards
  13 ice dragons
  3 ghost crabs
  5 centaur warriors
  15 hydras
  5 alligators
  3 death knights
  11 anacondas
  A death yak (Lair:6)
  58 two-headed ogres
  16 ogre magi
  7 deep troll earth magi
  2 tengu warriors
  4 spriggan berserkers
  3 vampire magi
  9 deep troll shamans
  An orc high priest (Orc:2)
  20 naga sharpshooters
  2 hell hogs (Depths:2)
  Urug (Lair:2)
  4 shock serpents
  A hell knight (Depths:4)
  6 deep elf knights
  A storm dragon zombie (Depths:2)
  Sonja (Lair:2)
  13 spriggans
  A soul eater (Zot:5)
  An iron troll (Depths:1)
  A titan skeleton (Depths:2)
  A cherub (Zot:5)
  A shadow wraith (Vaults:2)
  6 sun demons
  2 shadow demons (Depths:1)
  27 deep trolls
  3 skeletal warriors
  A storm dragon skeleton (Depths:2)
  3 unseen horrors (Vaults:1)
  2 salamander mystics
  2 flayed ghosts
  3 unseen horrors (shapeshifter)
  A spectral hydra (Swamp:4)
  4 glowing orange brains
  8 naga ritualists
  6 wizards
  11 deep elf archers
  A swamp dragon (shapeshifter) (Vaults:3)
  An orange crystal statue (Depths:2)
  22 ironbrand convokers
  3 shambling mangroves
  4 swamp dragons
  14 harpies
  Pikel (D:6)
  A deep troll (shapeshifter) (Vaults:5)
  A lindwurm (Lair:6)
  5 necromancers
  5 phantasmal warriors
  10 orc sorcerers
  14 orc knights
  51 ugly things
  8 wolf spiders
  20 salamanders
  6 mana vipers
  3 manticores
  4 cyclopes
  A manticore (shapeshifter) (Vaults:4)
  12 deep elf magi
  A shining eye (shapeshifter) (Depths:3)
  19 moths of wrath
  7 guardian serpents
  A guardian serpent (shapeshifter) (Depths:1)
  A torpor snail (Lair:6)
  An orange demon (Depths:3)
  2 rust devils (Zot:5)
  22 naga magi
  An eye of devastation (shapeshifter) (Vaults:4)
  2 molten gargoyles (Lair:6)
  3 smoke demons
  16 spiny frogs
  A spiny frog (shapeshifter) (D:13)
  18 vault sentinels
  32 black mambas
  Psyche (D:10)
  An efreet (D:15)
  3 eyes of devastation
  2 gargoyles
  A rime drake (Lair:6)
  7 freezing wraiths
  68 yaktaurs
  5 kobold demonologists
  A rime drake (shapeshifter) (Vaults:1)
  2 komodo dragons (Lair:6)
  3 swamp worm zombies (Swamp:4)
  3 ice devils
  A human skeleton (Vaults:2)
  A yaktaur skeleton (Vaults:2)
  2 meliai (shapeshifter)
  2 tengu conjurers
  A queen bee (Lair:5)
  11 trolls
  3 meliai (Lair:5)
  4 red devils
  6 tyrant leeches
  4 hydra zombies (Swamp:4)
  5 blink frogs (Lair:6)
  26 hornets
  5 alligator zombies (Swamp:4)
  7 hippogriffs
  3 dream sheep (Lair:6)
  11 bog bodies
  34 slime creatures
  7 spectral swamp dragons (Swamp:4)
  10 redbacks
  A flying skull (Vaults:3)
  A shadow (D:14)
  5 water elementals
  2 centaur simulacra (D:15)
  3 basilisks
  69 yaks
  4 wyverns (Lair:6)
  2 ynoxinuls
  7 wraiths
  A golden eye (shapeshifter) (Vaults:3)
  A hog (shapeshifter) (Vaults:3)
  5 chaos spawn
  3 human simulacra (Vaults:2)
  2 neqoxecs
  19 vampire mosquitoes
  A hungry ghost (D:11)
  A swamp worm (shapeshifter) (Vaults:5)
  13 insubstantial wisps
  2 wargs
  15 swamp worms
  52 nagas
  A water moccasin (shapeshifter) (Vaults:4)
  2 soldier ants (shapeshifter)
  An acid dragon (Vaults:1)
  10 water moccasins
  12 hell hounds
  2 porcupines
  7 swamp drakes
  A floating eye (Depths:2)
  A sky beast (shapeshifter) (Depths:2)
  14 ice beasts
  29 orc warriors
  A sky beast (D:11)
  4 slaves (D:6)
  A necrophage (D:10)
  2 human zombies (Vaults:2)
  3 black bears
  2 eyes of draining
  2 swamp dragon zombies (Swamp:4)
  7 phantoms
  A black bear (shapeshifter) (Depths:3)
  2 hornet zombies
  3 elephant zombies (Lair:4)
  20 centaurs
  24 ogres
  3 boggarts (Depths:3)
  8 crocodiles
  13 bullfrogs
  Blork the orc (D:6)
  3 big kobolds
  A gnoll sergeant (D:7)
  2 wyvern zombies
  A wyvern skeleton (D:6)
  6 scorpions
  25 killer bees
  12 wights
  6 electric eels
  3 howler monkeys
  4 crimson imps
  6 bullfrog zombies
  4 lava snakes (Lair:6)
  A basilisk zombie (Lair:4)
  A quasit (D:8)
  4 hounds
  21 orc priests
  34 orc wizards
  2 centaur zombies
  2 jellies
  8 centaur skeletons
  An iguana (shapeshifter) (Depths:4)
  4 iguanas
  Terence (D:2)
  14 worker ants
  2 killer bee zombies (D:6)
  A crocodile zombie (Lair:4)
  2 hound zombies
  3 worker ant zombies
  12 gnolls
  A howler monkey skeleton (D:6)
  10 adders
  A river rat (Sewer)
  9 shadow imps
  A white imp (Depths:3)
  An ooze (D:4)
  2 adder skeletons
  5 adder zombies
  3 worms
  3 dart slugs
  7 leopard geckos
  102 orcs
  6 bats
  9 giant cockroaches
  7 hobgoblins
  12 jackals
  A quokka (shapeshifter) (Vaults:5)
  10 quokkas
  A ball python zombie (D:6)
  2 frilled lizards
  3 goblins (D:2)
  A jackal skeleton (D:8)
  17 kobolds
  A leopard gecko skeleton (D:5)
  3 leopard gecko zombies (D:6)
  3 quokka skeletons
  A quokka zombie (D:6)
  11 rats
  4 briar patches (Swamp:2)
  A fungus (Lair:6)
2104 creatures vanquished.

Vanquished Creatures (collateral kills)
  An ancient lich (Zot:5)
  A titan (Vaults:5)
  2 nagarajas (Snake:4)
  A stone giant (Vaults:5)
  A vault guard (Vaults:5)
  2 naga warriors (Snake:4)
  A shock serpent (Snake:3)
  2 naga sharpshooters (Snake:4)
  A naga ritualist (Snake:4)
  2 orc sorcerers (Orc:2)
  2 naga magi (Snake:4)
  2 black mambas (Snake:4)
  2 dream sheep (Lair:6)
  A hippogriff (Lair:6)
  2 yaks
  A naga (Snake:4)
  2 orc warriors (Orc:2)
  An orc priest (Orc:2)
  4 orc wizards (Orc:2)
  A small abomination (Zot:5)
  A fungus (Lair:3)
33 creatures vanquished.

Vanquished Creatures (others)
  A naga warrior (Snake:4)
  A deep troll (Vaults:3)
  A deep elf mage (Vaults:2)
  A necromancer (D:15)
  A black mamba (Snake:3)
  A queen bee (shapeshifter) (Depths:2)
  A vampire mosquito (Swamp:1)
  An orc warrior (Vaults:3)
  A hound skeleton (D:6)
  A shadow imp (D:6)
  A white imp (Zot:5)
  An adder skeleton (D:6)
  An orc (Vaults:5)
  6 briar patches
  A fungus (Lair:1)
  2 plants
22 creatures vanquished.

Grand Total: 2159 creatures vanquished

Notes
Turn   | Place    | Note
-------+----------+-------------------------------------------
     0 | D:1      | Gorglomux the Minotaur Chaos Knight began the quest for the Orb.
     0 | D:1      | Reached XP level 1. HP: 19/19 MP: 0/0
   171 | D:1      | Reached XP level 2. HP: 27/27 MP: 1/1
   695 | D:2      | Reached skill level 3 in Armour
   706 | D:2      | Fell from the grace of Xom
   768 | D:2      | Reached XP level 3. HP: 33/33 MP: 2/2
   796 | D:2      | Found a bloodstained altar of Trog.
   826 | D:2      | Became a worshipper of Trog the Wrathful
  1173 | D:2      | Noticed Terence
  1184 | D:2      | Killed Terence
  1184 | D:2      | Reached XP level 4. HP: 30/41 MP: 3/3
  1193 | D:2      | XOM: god gift: 14 gold pieces {god gift}
  1313 | D:3      | Found an ornate altar of the Wu Jian Council.
  1344 | D:3      | Found a deep blue altar of Sif Muna.
  1416 | D:3      | XOM: 1-stop teleportation journey
  1490 | D:3      | XOM: summons 3 hostile demons
  1491 | D:3      | Noticed an ice devil
  1913 | D:3      | XOM: summons 1 hostile demon
  2015 | D:4      | Noticed an ogre
  2030 | D:4      | Reached skill level 3 in Dodging
  2030 | D:4      | Reached XP level 5. HP: 18/48 MP: 4/4
  2049 | D:4      | Killed an ogre
  2049 | D:4      | Reached * piety under Trog
  2178 | D:4      | Found Kyga's Food Boutique.
  2205 | D:4      | Reached XP level 6. HP: 46/56 MP: 5/5
  2509 | D:4      | Found a glowing drain.
  2526 | Sewer    | Entered a sewer
  2618 | Sewer    | Found a white marble altar of Elyvilon.
  2699 | D:4      | Reached skill level 6 in Fighting
  2867 | D:4      | Found a radiant altar of Vehumet.
  3081 | D:4      | XOM: mild Tloc miscast
  3116 | D:5      | Entered Level 5 of the Dungeon
  3156 | D:5      | Reached XP level 7. HP: 61/63 MP: 6/6
  3168 | D:5      | Reached ** piety under Trog
  3531 | D:5      | Reached skill level 6 in Armour
  3628 | D:5      | Found an opulent altar of Gozag.
  3744 | D:5      | Found a snail-covered altar of Cheibriados.
  3868 | D:6      | Found a glowing silver altar of Zin.
  3868 | D:6      | Noticed an angel
  3869 | D:6      | Found a shimmering altar of Xom.
  3869 | D:6      | Noticed Blork the orc
  3882 | D:6      | Killed Blork the orc
  3882 | D:6      | Reached XP level 8. HP: 73/73 MP: 7/7
  3965 | D:6      | Found a staircase to the Ecumenical Temple.
  3977 | D:6      | Reached skill level 6 in Dodging
  4081 | D:6      | Noticed Pikel
  4122 | D:6      | Killed Pikel
  4122 | D:6      | Reached *** piety under Trog
  4122 | D:6      | Reached XP level 9. HP: 80/82 MP: 8/8
  4199 | D:6      | Reached skill level 9 in Fighting
  4254 | D:6      | XOM: mild Pois miscast
  4486 | D:6      | Noticed a gargoyle
  4487 | D:6      | XOM: divination: detect creatures
  4501 | D:6      | Killed a gargoyle
  4501 | D:6      | Reached skill level 9 in Armour
  4635 | D:6      | Found a sacrificial altar of Ru.
  4711 | D:6      | Found Hackomoa's Book Shoppe.
  4774 | D:6      | XOM: noise
  4835 | D:7      | Found Niwausayv's Armour Shoppe.
  4910 | D:7      | Found a blossoming altar of Fedhas.
  4950 | D:7      | Reached **** piety under Trog
  5128 | D:7      | XOM: medium Tmut miscast
  5180 | D:7      | XOM: noise
  5216 | D:7      | Found a stormy altar of Qazlal.
  5248 | D:7      | XOM: mild Air miscast
  5362 | D:7      | XOM: medium Air miscast
  5508 | D:7      | Got a transparent spear
  5509 | D:7      | Identified the +11 spear of Newk {freeze, rC+} (You found it on level 7 of the Dungeon)
  5561 | D:8      | Found a staircase to the Lair.
  5580 | D:8      | Reached XP level 10. HP: 86/94 MP: 9/9
  5583 | D:8      | Reached skill level 9 in Dodging
  5888 | D:8      | Reached skill level 1 in Shields
  5901 | D:8      | Found a hide-covered altar of Uskayaw.
  5920 | D:8      | Reached ***** piety under Trog
  6280 | D:8      | XOM: give mutations
  6280 | D:8      | Gained mutation: Scrolls take you a little longer to read. [Xom's mischief]
  6280 | D:8      | Gained mutation: Armour fits poorly on your strangely shaped body. [Xom's mischief]
  6280 | D:8      | Gained mutation: You have a somewhat thin skeletal structure. (Dex +2, Stealth) [Xom's mischief]
  6280 | D:8      | Lost mutation: Scrolls take you a little longer to read. [Xom's mischief]
  6304 | D:8      | XOM: noise
  6495 | D:9      | Reached skill level 3 in Shields
  6519 | D:9      | XOM: 5-stop teleportation journey
  6557 | D:9      | Noticed a two-headed ogre
  6563 | D:9      | Killed a two-headed ogre
  6677 | D:9      | Noticed Gastronok
  6733 | D:9      | Killed Gastronok
  6733 | D:9      | Reached skill level 6 in Axes
  6816 | D:9      | Found a staircase to the Orcish Mines.
  7049 | D:9      | XOM: summons 5 hostile demons
  7063 | D:9      | XOM: noise
  7222 | D:10     | Entered Level 10 of the Dungeon
  7243 | D:10     | Paralysed by a hornet for 3 turns
  7250 | D:10     | Received a gift from Trog
  7250 | D:10     | Reached XP level 11. HP: 57/102 MP: 10/10
  7598 | D:10     | Noticed Psyche
  7615 | D:10     | Killed Psyche
  7951 | D:11     | Noticed a brown ugly thing
  7965 | D:11     | Killed a brown ugly thing
  8073 | D:11     | Reached skill level 12 in Fighting
  8103 | D:11     | Noticed an eight-headed hydra
  8114 | D:11     | Killed a three-headed hydra
  8364 | D:7      | Bought the cursed +0 pair of gloves of Peek-a-Boo {MR- Int+6 Slay+4} for 539 gold pieces
  8487 | D:4      | XOM: mild Summ miscast
  9153 | D:12     | Noticed a two-headed ogre
  9165 | D:12     | Killed a two-headed ogre
  9165 | D:12     | Reached skill level 12 in Armour
  9232 | Lair:1   | Entered Level 1 of the Lair of Beasts
  9358 | Lair:1   | Reached skill level 9 in Axes
  9536 | Lair:1   | Noticed a four-headed hydra
  9538 | Lair:1   | You fall through a shaft!
 10002 | Lair:2   | Noticed Gorice's ghost (journeyman GnWn)
 10023 | Lair:2   | Killed Gorice's ghost
 10023 | Lair:2   | Reached XP level 12. HP: 65/112 MP: 11/11
 10055 | Lair:2   | Noticed Harold
 10074 | Lair:2   | Killed Harold
 10170 | Lair:2   | XOM: give mutations
 10170 | Lair:2   | Gained mutation: You possess an exceptional clarity of mind. [Xom's grace]
 10170 | Lair:2   | Gained mutation: You have sharp toenails. [Xom's grace]
 10225 | Lair:2   | Found a staircase to the Swamp.
 10353 | Lair:2   | Found a staircase to the Snake Pit.
 10434 | Lair:2   | Noticed a five-headed hydra
 10440 | Lair:2   | Killed a five-headed hydra
 10461 | Lair:2   | XOM: give mutation
 10461 | Lair:2   | Lost mutation: You possess an exceptional clarity of mind. [Xom's mischief]
 10609 | Lair:2   | Noticed Sonja
 10610 | Lair:2   | XOM: fake destruction
 10624 | Lair:2   | Killed Sonja
 10801 | Lair:2   | XOM: god gift: 18 stones {god gift}
 10814 | Lair:2   | Noticed Urug
 10823 | Lair:2   | Killed Urug
 10823 | Lair:2   | Reached skill level 12 in Dodging
 10889 | Lair:2   | XOM: medium Tmut miscast
 10917 | Lair:2   | XOM: mild Pois miscast
 11153 | Lair:3   | Received a gift from Trog
 11215 | Lair:3   | Noticed a six-headed hydra
 11234 | Lair:3   | Killed an eight-headed hydra
 11489 | Lair:3   | XOM: medium Pois miscast
 11489 | Lair:3   | Was forgiven by Xom
 11890 | Lair:4   | Reached XP level 13. HP: 122/122 MP: 12/12
 12682 | Lair:5   | Found a staircase to the Slime Pits.
 13259 | Lair:6   | Entered Level 6 of the Lair of Beasts
 13277 | Lair:6   | Received a gift from Trog
 13734 | Lair:6   | Found a large runed door.
 13734 | Lair:6   | Found a large runed door.
 13734 | Lair:6   | Noticed a fire dragon
 13923 | Lair:6   | Noticed Snorg
 13951 | Lair:6   | Killed Snorg
 14042 | Lair:6   | Reached skill level 12 in Axes
 14179 | Lair:6   | Killed a fire dragon
 14857 | Lair:6   | Found the +10 dark maul {crush}
 14869 | Lair:6   | Received a gift from Trog
 14896 | Lair:6   | Reached XP level 14. HP: 95/132 MP: 4/13
 14932 | Lair:6   | Got a crude hand axe {god gift}
 14933 | Lair:6   | Identified the +10 hand axe of No More Talking {god gift, venom, rF+ rN++} (Trog gifted it to you on level 6 of the Lair of Beasts)
 15454 | D:12     | Reached skill level 15 in Fighting
 15620 | D:12     | Found Gubiokhlaniu's Magic Scroll Shoppe.
 15628 | D:12     | Bought a scroll of enchant weapon for 120 gold pieces
 15628 | D:12     | Bought a scroll of silence for 120 gold pieces
 15628 | D:12     | Bought a scroll of teleportation for 48 gold pieces
 15628 | D:12     | Bought a scroll of magic mapping for 56 gold pieces
 15628 | D:12     | Bought a scroll of magic mapping for 56 gold pieces
 16144 | D:13     | Reached skill level 15 in Armour
 16477 | D:13     | Found a gate to the Vaults.
 16868 | D:14     | Received a gift from Trog
 17152 | D:14     | Found Toduil's General Store.
 17169 | D:14     | Bought a scroll of enchant armour for 90 gold pieces
 17169 | D:14     | Bought a scroll of brand weapon for 240 gold pieces
 17668 | D:15     | Entered Level 15 of the Dungeon
 17673 | D:15     | Reached skill level 15 in Axes
 18324 | D:15     | Found a staircase to the Depths.
 18548 | Orc:1    | Entered Level 1 of the Orcish Mines
 18570 | Orc:1    | Reached XP level 15. HP: 140/140 MP: 4/14
 18592 | Orc:1    | Received a gift from Trog
 18812 | Orc:2    | Entered Level 2 of the Orcish Mines
 18888 | Orc:2    | Reached ****** piety under Trog
 18908 | Orc:2    | Found Plog's Jewellery Emporium.
 18953 | Orc:2    | Bought the ring of Dim Light {+Fly rElec rF+ SInv} for 640 gold pieces
 18995 | Orc:2    | Found Uhosuy's Gadget Shop.
 19004 | Orc:2    | Found Siujiw's Assorted Antiques.
 19004 | Orc:2    | Found Wonelaji's Armour Shop.
 19011 | Orc:2    | Received a gift from Trog
 19029 | Orc:2    | Found Tostratrif's Distillery.
 19045 | Orc:2    | Bought a potion of heal wounds for 60 gold pieces
 19045 | Orc:2    | Bought a potion of lignification for 36 gold pieces
 19045 | Orc:2    | Bought a potion of agility for 48 gold pieces
 19115 | Orc:2    | Found a staircase to the Elven Halls.
 19483 | Orc:2    | Found a roughly hewn altar of Beogh.
 19484 | Orc:2    | Noticed Rupert
 19485 | Orc:2    | Paralysed by Rupert for 4 turns
 19497 | Orc:2    | Killed Rupert
 19814 | Snake:1  | Entered Level 1 of the Snake Pit
 19951 | Snake:1  | Reached skill level 18 in Axes
 20399 | Snake:1  | Reached skill level 6 in Shields
 20518 | Snake:1  | Found Orakhaim's Antique Armour Shop.
 20519 | Snake:1  | Found Ewalab's Food Boutique.
 20519 | Snake:1  | Found Daclih Vaew's Magic Scroll Shop.
 20522 | Snake:1  | Found Xamorupa's General Store.
 20559 | Snake:1  | Bought a scroll of teleportation for 51 gold pieces
 20559 | Snake:1  | Bought a scroll of teleportation for 51 gold pieces
 20559 | Snake:1  | Bought a scroll of fog for 34 gold pieces
 20559 | Snake:1  | Bought a scroll of enchant weapon for 127 gold pieces
 21385 | Snake:2  | Noticed a nagaraja
 21396 | Snake:2  | Killed a nagaraja
 21396 | Snake:2  | Received a gift from Trog
 21837 | Snake:2  | Reached XP level 16. HP: 150/150 MP: 5/15
 22880 | Snake:3  | Reached skill level 9 in Shields
 22888 | Snake:3  | Received a gift from Trog
 22910 | Snake:3  | Reached skill level 15 in Dodging
 23064 | Snake:3  | HP: 6/151 [poisoned by a salamander]
 23069 | Snake:3  | HP: 4/151 [poisoned by a salamander]
 23074 | Snake:3  | HP: 4/151 [poisoned by a salamander]
 23079 | Snake:3  | HP: 6/151 [poisoned by a salamander]
 23658 | Snake:3  | Found Ruky's Book Shop.
 23660 | Snake:3  | Found Hakuemid's General Store.
 23661 | Snake:3  | Found Zochuhe's Armour Shop.
 23662 | Snake:3  | Found Fowkun's Food Shop.
 23684 | Snake:3  | Received a gift from Trog
 24142 | Snake:4  | Entered Level 4 of the Snake Pit
 24162 | Snake:4  | Noticed Roxanne
 24280 | Snake:4  | Killed Roxanne
 24616 | Snake:4  | Reached XP level 17. HP: 96/160 MP: 5/16
 24723 | Snake:4  | Received a gift from Trog
 25331 | Snake:4  | HP: 8/161 [shock serpent/bolt of electricity (9)]
 25976 | Snake:4  | Got a serpentine rune of Zot
 26208 | Swamp:1  | Entered Level 1 of the Swamp
 26218 | Swamp:1  | Received a gift from Trog
 26946 | Swamp:1  | Received a gift from Trog
 27656 | Swamp:2  | Noticed Louise
 27676 | Swamp:2  | Killed Louise
 28075 | Swamp:3  | Reached skill level 12 in Shields
 28426 | Swamp:3  | Reached skill level 18 in Fighting
 28922 | Swamp:3  | Received a gift from Trog
 29151 | Swamp:4  | Entered Level 4 of the Swamp
 29469 | Swamp:4  | Noticed Jorgrun
 29478 | Swamp:4  | Killed Jorgrun
 29526 | Swamp:4  | Reached skill level 18 in Armour
 29587 | Swamp:4  | Found the cursed necklace of Bloodlust {*Rage +Rage MR++ Int-3 Slay+6 *Curse}
 30048 | Swamp:4  | Reached XP level 18. HP: 138/170 MP: 5/17
 30625 | Swamp:4  | Noticed a bone dragon
 30638 | Swamp:4  | Killed a bone dragon
 30674 | Swamp:4  | Got a decaying rune of Zot
 30727 | Swamp:2  | Received a gift from Trog
 30977 | Vaults:1 | Entered Level 1 of the Vaults
 30977 | Vaults:1 | Found a flickering gateway to a bazaar.
 30982 | Bazaar   | Entered a bazaar
 30994 | Bazaar   | Found Jiang's Magic Scroll Shop.
 30994 | Bazaar   | Found Ekuep's Food Boutique.
 31018 | Bazaar   | Found Tushrefec's Gadget Shop.
 31036 | Bazaar   | Found Jomeetug's Distillery.
 31084 | Bazaar   | Bought a potion of heal wounds for 45 gold pieces
 31084 | Bazaar   | Bought a potion of mutation for 72 gold pieces
 31084 | Bazaar   | Bought a potion of heal wounds for 45 gold pieces
 31084 | Bazaar   | Bought a potion of mutation for 72 gold pieces
 31084 | Bazaar   | Bought a potion of agility for 36 gold pieces
 31096 | Bazaar   | Bought a scroll of teleportation for 48 gold pieces
 31096 | Bazaar   | Bought a scroll of holy word for 120 gold pieces
 31096 | Bazaar   | Bought a scroll of enchant armour for 120 gold pieces
 31096 | Bazaar   | Bought a scroll of magic mapping for 56 gold pieces
 31096 | Bazaar   | Bought a scroll of magic mapping for 56 gold pieces
 31544 | Vaults:1 | Identified the +0 pair of gloves "Usiz Jig" {Regen+} (You found it on level 1 of the Vaults)
 31565 | Vaults:1 | Found Rahasua's Weapon Emporium.
 32049 | Vaults:1 | Found Yvorha's Gadget Shop.
 32459 | Vaults:1 | Found Fokefu's Assorted Antiques.
 32501 | Vaults:2 | Received a gift from Trog
 33092 | Vaults:2 | Reached XP level 19. HP: 180/180 MP: 6/18
 33219 | Vaults:2 | Received a gift from Trog
 33495 | Vaults:2 | Reached skill level 18 in Dodging
 33792 | Vaults:2 | Reached skill level 15 in Shields
 33970 | Vaults:3 | Received a gift from Trog
 34795 | Vaults:3 | Received a gift from Trog
 34947 | Vaults:3 | Reached XP level 20. HP: 61/193 MP: 6/19
 35248 | Vaults:3 | Found a staircase to the Crypt.
 36194 | Vaults:4 | Received a gift from Trog
 36355 | Vaults:4 | Found the +2 ratskin cloak {+Rats rPois rN+ Str-1 Int-1 Dex+1}
 37356 | Vaults:4 | Received a gift from Trog
 37467 | Vaults:4 | Found Kichax's General Store.
 38064 | Snake:1  | Bought a jewelled plate armour for 840 gold pieces
 38074 | Snake:1  | Identified the cursed +0 plate armour of Resilience {*Corrode rElec rF+ MR+} (You bought it in a shop on level 1 of the Snake Pit)
 38330 | Depths:1 | Entered Level 1 of the Depths
 38342 | Depths:1 | Reached skill level 21 in Fighting
 38393 | Depths:1 | Found a snail-covered altar of Cheibriados.
 38951 | Depths:1 | Reached XP level 21. HP: 204/204 MP: 6/20
 39064 | Depths:1 | Reached skill level 21 in Armour
 39561 | Depths:1 | Found a gateway to Hell.
 39731 | Depths:2 | Received a gift from Trog
 40334 | Depths:2 | Noticed a caustic shrike
 40339 | Depths:2 | Killed a caustic shrike
 40809 | Depths:2 | Found a runed door.
 40974 | Depths:2 | Found a runed door.
 41381 | Depths:2 | Received a gift from Trog
 41513 | Depths:2 | Paralysed by a floating eye for 3 turns
 41520 | Depths:2 | Paralysed by a floating eye for 4 turns
 41527 | Depths:2 | Paralysed by a floating eye for 2 turns
 41532 | Depths:2 | Paralysed by a floating eye for 2 turns
 41797 | Depths:3 | Found a portal to a secret trove of treasure.
 41867 | Depths:3 | Reached skill level 18 in Shields
 41874 | Depths:3 | Noticed Frederick
 41889 | Depths:3 | Killed Frederick
 42232 | Depths:3 | Noticed Aizul
 42246 | Depths:3 | Killed Aizul
 42753 | Depths:3 | Found a viscous altar of Jiyva.
 42789 | Depths:3 | Received a gift from Trog
 43237 | Depths:3 | Found a transporter.
 43244 | Depths:3 | Reached XP level 22. HP: 188/215 MP: 7/21
 43423 | Depths:3 | Found a transporter.
 43424 | Depths:3 | Found the +2 pair of boots of the Assassin {Detection Stab+ Stlth++}
 43622 | Depths:3 | Found a one-way gate leading to the halls of Pandemonium.
 44094 | Depths:4 | Found a one-way gate to the infinite horrors of the Abyss.
 44094 | Depths:4 | Noticed the Enchantress
 44116 | Depths:4 | Killed the Enchantress
 44174 | Depths:4 | Received a gift from Trog
 45481 | Depths:4 | Noticed a golden dragon
 45486 | Depths:4 | Killed a golden dragon
 45490 | Depths:4 | Received a gift from Trog
 45655 | Depths:4 | Noticed a juggernaut
 45678 | Depths:4 | Killed a juggernaut
 45907 | Depths:4 | Found the -2 hat of the Alchemist {rElec rPois rF+ rC+ rN+ MR+ rMut rCorr}
 45931 | Depths:4 | Got a slimy copper ring
 45932 | Depths:4 | Identified the ring "Rayluoz" {rF- rN+ MR++ MP+9 SInv} (You found it on level 4 of the Depths)
 46079 | Depths:5 | Entered Level 5 of the Depths
 46079 | Depths:5 | Noticed Xtahua
 46092 | Depths:5 | Killed Xtahua
 46092 | Depths:5 | Reached skill level 21 in Dodging
 46110 | Depths:5 | Noticed a golden dragon
 46123 | Depths:5 | Killed a golden dragon
 46643 | Depths:5 | Found Suats's Magic Scroll Shop.
 46652 | Depths:5 | Bought a scroll of magic mapping for 73 gold pieces
 46672 | Depths:5 | Found a gateway to a ziggurat.
 46799 | Depths:5 | Noticed a golden dragon
 46819 | Depths:5 | Killed a golden dragon
 46819 | Depths:5 | Reached XP level 23. HP: 225/225 MP: 7/22
 46910 | Depths:5 | Found a gate to the Realm of Zot.
 47521 | Vaults:5 | Entered Level 5 of the Vaults
 47538 | Vaults:5 | Gained mutation: You are frail. (-10% HP) [a neqoxec]
 47579 | Vaults:5 | Lost mutation: You are frail. (-10% HP) [potion of mutation]
 47579 | Vaults:5 | Lost mutation: You have sharp toenails. [potion of mutation]
 47579 | Vaults:5 | Lost mutation: Armour fits poorly on your strangely shaped body. [potion of mutation]
 47592 | Vaults:5 | Got a scorched golden ring
 47593 | Vaults:5 | Identified the ring "Lekle" {rPois rC+ SInv} (You found it on level 5 of the Vaults)
 47600 | Vaults:5 | Got a faintly glowing golden ring
 47601 | Vaults:5 | Identified the ring of Ucoored {rElec Int+3 Dex+4 Stlth-} (You found it on level 5 of the Vaults)
 47695 | Vaults:5 | Noticed an ancient lich
 47722 | Vaults:5 | Killed an ancient lich
 47725 | Vaults:5 | Received a gift from Trog
 48095 | Vaults:5 | Received a gift from Trog
 48840 | Vaults:5 | Received a gift from Trog
 48850 | Vaults:5 | Got a silver rune of Zot
 49040 | Vaults:5 | Reached XP level 24. HP: 224/237 MP: 7/22
 50002 | Zot:1    | Entered Level 1 of the Realm of Zot
 50011 | Zot:1    | Noticed an orb of fire
 50027 | Zot:1    | Reached skill level 24 in Fighting
 50031 | Zot:1    | Killed an orb of fire
 50031 | Zot:1    | Reached skill level 21 in Shields
 50114 | Zot:1    | Received a gift from Trog
 50179 | Zot:1    | Reached skill level 24 in Armour
 50324 | Zot:3    | Noticed an orb of fire
 50341 | Zot:3    | Killed an orb of fire
 50633 | Zot:4    | Noticed an orb of fire
 50639 | Zot:4    | Killed an orb of fire
 51094 | Zot:4    | Noticed an orb of fire
 51094 | Zot:4    | Noticed an orb of fire
 51682 | Zot:4    | Gained mutation: Your spells are a little easier to cast, but a little less powerful. [an orb of fire]
 51693 | Zot:4    | Killed an orb of fire
 51693 | Zot:4    | Reached XP level 25. HP: 208/247 MP: 7/22
 51696 | Zot:4    | Received a gift from Trog
 51724 | Zot:4    | Killed an orb of fire
 51999 | Zot:5    | Entered Level 5 of the Realm of Zot
 52234 | Zot:5    | Noticed an ancient lich
 52244 | Zot:5    | Killed an ancient lich
 52463 | Zot:5    | Noticed an orb of fire
 52476 | Zot:5    | Killed an orb of fire
 52638 | Zot:5    | Noticed an ancient lich
 52639 | Zot:5    | Noticed an orb of fire
 52652 | Zot:5    | Killed an orb of fire
 52653 | Zot:5    | Noticed an orb of fire
 52654 | Zot:5    | Killed an ancient lich
 52667 | Zot:5    | Killed an orb of fire
 52890 | Zot:5    | Noticed an ancient lich
 52900 | Zot:5    | Killed an ancient lich
 53024 | Zot:5    | Reached XP level 26. HP: 206/259 MP: 7/22
 53137 | Zot:5    | Noticed an ancient lich
 53151 | Zot:5    | Killed an ancient lich
 53242 | Zot:5    | Noticed an ancient lich
 53255 | Zot:5    | Killed an ancient lich
 53449 | Zot:5    | Noticed an ancient lich
 53458 | Zot:5    | Reached skill level 24 in Dodging
 53468 | Zot:5    | Killed an ancient lich
 53649 | Zot:5    | Got the Orb of Zot
 53674 | Zot:5    | Noticed Ikhlix the pandemonium lord
 53684 | Zot:5    | Killed Ikhlix the pandemonium lord
 53697 | Zot:5    | Noticed an ancient lich
 53702 | Zot:5    | Killed an ancient lich
 53763 | Zot:5    | Noticed a seraph
 53777 | Zot:5    | Killed a seraph
 53817 | Zot:5    | Noticed Voonaqoe the pandemonium lord
 53854 | Zot:5    | Killed Voonaqoe the pandemonium lord
 54518 | D:6      | Noticed Orasueps the pandemonium lord
 54549 | D:6      | HP: 16/396 [Orasueps the pandemonium lord (25)]
 54549 | D:6      | Demolished by Orasueps the pandemonium lord

Vault maps used:
D:1:      minmay_arrival_radiant_lines
D:2:      bloody_trog, uniq_terence
D:3:      led_sif_pool, nicolae_overflow_crystal_walls, first_ration
D:4:      marbit_many_paths, gup_sewer_entry_pipe, serial_shops, shop
D:5:      grunt_gozag_breadcrumbs, cheibriados_altar_1
D:6:      grunt_temple_overflow_order_and_chaos_1,
          minmay_temple_entry_large_hall, serial_undead, serial_undead_a,
          serial_undead_a, serial_undead_b, serial_undead_c, serial_undead_d,
          serial_undead_c, serial_undead_b, serial_undead_d, serial_undead_e,
          serial_undead_b, serial_shops, nicolae_shop_trees,
          kennysheep_nondescript, nicolae_ru_the_path_less_chosen,
          uniq_blork_the_orc, uniq_pikel
D:7:      lemuel_doored_altar, serial_shops, nicolae_shop_crystal, basic_altar
D:8:      lemuel_crystal_altar, david_lair_generic
D:9:      orc_0_dummy, uniq_gastronok
D:10:     uniq_psyche
D:12:     serial_shops, nicolae_shop_trees
D:13:     david_vaults_2
D:14:     minivault_19, serial_shops, nicolae_shop_window_shopping
D:15:     grunt_enter_depths_magical_seal, grunt_decor_one_mirror,
          minmay_crystal_water
Lair:2:   minmay_swamp_entry_worms, minmay_snake_entry_guardpost_small,
          portal_ice_cave_entry_ice_beasts, st_stairs_7, uniq_sonja,
          uniq_harold, uniq_urug
Lair:4:   pond_and_an_island_with_a_cottage, serial_bayou_shore_a
Lair:5:   minmay_slime_entry_eyes, special_room, lemuel_fruit_fields
Lair:6:   cheibrodos_lair_end_hotspot, st_stairs_4, infiniplex_staircase_pool_2,
          uniq_snorg
Swamp:1:  hangedman_swamp_lotus
Swamp:2:  hangedman_swamp_ruin_wall, uniq_louise
Swamp:3:  hangedman_swamp_cone
Swamp:4:  swamp_pestilence, uniq_jorgrun
Snake:1:  spider_trap, nrook_loot_triangle, minmay_shoptagon
Snake:2:  spider_trap
Snake:3:  stair_cage_wide, minmay_shop_grid_forest, grunt_ministairs_1
Snake:4:  snake_pit, uniq_roxanne
Orc:2:    st_orc_mages, serial_shops, shop, minmay_orc_temple_a, uniq_rupert
Vaults:1: v_misc_15, v_misc_9, nicolae_vaults_display_case,
          vaults_room_grunt_arrival_ludios, serial_shops, bzr_entry_dummy, shop,
          shop_statue, nicolae_shop_waterfront
Vaults:2: vaults_room_door_ring, nicolae_vaults_octagons,
          hangedman_vaults_slice, v_pattern_4, v_misc_30,
          ontoclasm_vaults_ligature, vaults_room_grid,
          ontoclasm_vaults_misaligned, vaults_room_fours, v_alt_pattern_6,
          vaults_mumra_hexcomb, vaults_room_large_hall, v_misc_8
Vaults:3: nicolae_vaults_network_periphery, vaults_room_door_ring,
          vaults_mumra_chevron_long, v_misc_19, v_alt_pattern_6,
          nicolae_vaults_network_square, nicolae_vaults_asterisk,
          minmay_crypt_entry_simple_statues, nicolae_vaults_ninety_degrees,
          hangedman_vaults_unwind, ontoclasm_vaults_eye,
          nicolae_vaults_little_squares_6, grunt_vaults_hallway_short,
          ontoclasm_vaults_loading_screen, vaults_room_pools
Vaults:4: v_misc_23, nicolae_vaults_network_quincunx, nicolae_vaults_minivaults,
          v_rooms_5, v_misc_29, vaults_dpeg_hooks, vaults_dpeg_ring, v_misc_25,
          v_misc_27, nicolae_vaults_circle_grid_b, v_misc_1, serial_shops,
          nicolae_shop_waterfront
Depths:1: old_standard_altar, hell_entry, st_stairs_10, minivault_16,
          nrook_kobold_shadow_demons, grunt_megastairs_1, serial_bayou_shore_b
Depths:2: thingy_vault_2, serial_glass, glass_columns_c, glass_columns_c,
          glass_columns_b, glass_columns_a, grunt_hell_horde,
          kennysheep_just_a_vault
Depths:3: gammafunk_jiyva_shrine, minmay_misc_feat_roman,
          hangedman_coc_ice_floe, enter_trove_2, rand_demon_pan_entry_4,
          hangedman_decor_clover_reticule, infiniplex_staircase_pillars_2,
          uniq_aizul, uniq_frederick
Depths:4: little_maze_vault, hell_entry, abyss_entry, uniq_enchantress
Depths:5: grunt_twist_and_shout, enter_ziggurat_a, serial_shops, shop,
          hell_entry, serial_bayou_ford_a, minmay_misc_feat_encased, uniq_xtahua
Zot:1:    hangedman_zot_vaults_quadrants
Zot:2:    chequers_guarded_unrand_mask_of_the_dragon, grunt_megastairs_4
Zot:4:    grunt_deathspiral_small
Bazaar:   bazaar_jpeg_honeycomb
Sewer:    sewer_kobolds

Skill      XL: |  1  2  3  4  5  6  7  8  9 10 11 12 13 14 15 16 17 18 19 20 21 22 23 24 25 26 |
---------------+-------------------------------------------------------------------------------+-----
Axes           | 4 5 6 9 11 12 16 18 | 18.0
Fighting       | 4 5 6 7 8 10 11 12 13 14 15 16 17 18 19 20 21 22 23 24 25 26 | 26.4
Armour         | 3 4 5 6 8 10 12 13 14 15 16 18 19 20 21 22 23 24 25 26 | 26.2
Dodging        | 2 3 4 5 7 8 9 11 12 13 14 15 16 17 18 19 20 21 22 23 24 | 24.5
Shields        | 5 8 10 12 14 15 17 18 19 20 21 22 23 | 23.8

Action                   |  1- 3 |  4- 6 |  7- 9 | 10-12 | 13-15 | 16-18 | 19-21 | 22-24 | 25-27 || total
-------------------------+-------+-------+-------+-------+-------+-------+-------+-------+-------++-------
Melee: Hand axe          |    53 |       |       |   101 |    21 |    34 |       |       |       ||   209
       Headbutt          |    17 |    23 |    78 |   132 |   227 |   288 |   307 |   312 |   186 ||  1570
       Dagger            |    55 |   147 |   397 |    27 |       |       |       |       |       ||   626
       Spear             |       |       |    10 |   461 |    84 |       |       |       |       ||   555
       War axe           |       |       |       |    21 |       |       |       |       |       ||    21
       Broad axe         |       |       |       |     8 |   807 |  1145 |  1050 |  1025 |   555 ||  4590
Throw: Throwing net      |       |       |       |     1 |       |       |       |       |       ||     1
Invok: Renounce Religion |     1 |       |       |       |       |       |       |       |       ||     1
       Berserk           |       |       |     8 |    16 |    22 |    24 |     3 |    13 |     7 ||    93
       Trog's Hand       |       |       |       |     1 |    11 |    15 |    12 |    19 |    20 ||    78
       Burn Spellbooks   |       |       |       |     1 |     5 |     4 |       |     2 |       ||    12
       Brothers in Arms  |       |       |       |       |     2 |     4 |       |     1 |     4 ||    11
Evoke: Wand              |       |       |       |     6 |     5 |       |       |     1 |       ||    12
  Use: Potion            |     1 |       |       |       |       |     6 |     2 |     3 |     6 ||    18
       Scroll            |       |       |     6 |    11 |    13 |    20 |     4 |    19 |     2 ||    75
 Stab: Distracted        |       |       |     1 |       |       |       |       |       |     3 ||     4
       Held in net/web   |       |       |       |     1 |       |       |       |       |       ||     1
       Confused          |       |       |       |       |       |       |       |     2 |     1 ||     3
  Eat: Chunk             |     1 |     6 |    12 |    29 |    48 |    24 |    28 |    21 |     2 ||   171
       Ration            |       |       |     1 |     2 |     3 |    13 |     4 |     8 |     7 ||    38
Armor: Leather armour    |    11 |       |       |       |       |       |       |       |       ||    11
       Plate armour      |    80 |   136 |    41 |       |       |       |   122 |   101 |       ||   480
       Pearl dragon scal |       |       |   170 |   195 |   312 |   129 |   105 |       |       ||   911
       Swamp dragon scal |       |       |       |       |       |   134 |       |       |       ||   134
       Gold dragon scale |       |       |       |       |       |       |       |   121 |   119 ||   240
       Skin              |       |       |       |       |       |       |       |       |     3 ||     3
Dodge: Dodged            |    54 |    72 |   251 |   314 |   559 |   449 |   327 |   287 |   132 ||  2445
Block: Buckler           |       |       |       |   102 |   163 |       |       |       |       ||   265
       Large shield      |       |       |       |       |   125 |   990 |   925 |   886 |   507 ||  3433

Table legend:
 A = Spawn XP
 B = Non-spawn XP
 C = Spawn XP percentage of total XP
 D = Spawn monster count
 E = Non-spawn monster count
 F = Spawn count percentage of total count
 G = Total turns spent on level
                    A         B        C        D         E        F      G
               +---------+---------+-------+---------+---------+-------+---------
         Total |       0 | 1407687 |   0.0 |       0 |    2087 |   0.0 | 54549
               +---------+---------+-------+---------+---------+-------+---------
           D:1 |       0 |      34 |   0.0 |       0 |      20 |   0.0 |   653
           D:2 |       0 |      85 |   0.0 |       0 |      22 |   0.0 |   695
           D:3 |       0 |      30 |   0.0 |       0 |       8 |   0.0 |   641
           D:4 |       0 |     416 |   0.0 |       0 |      29 |   0.0 |  1077
           D:5 |       0 |     614 |   0.0 |       0 |      20 |   0.0 |   780
           D:6 |       0 |    2700 |   0.0 |       0 |      51 |   0.0 |  1020
           D:7 |       0 |    1167 |   0.0 |       0 |      31 |   0.0 |   825
           D:8 |       0 |    1956 |   0.0 |       0 |      32 |   0.0 |  1076
           D:9 |       0 |    3569 |   0.0 |       0 |      17 |   0.0 |   968
          D:10 |       0 |    3615 |   0.0 |       0 |      37 |   0.0 |   692
          D:11 |       0 |    4568 |   0.0 |       0 |      32 |   0.0 |  1116
          D:12 |       0 |    7923 |   0.0 |       0 |      33 |   0.0 |   788
          D:13 |       0 |    7919 |   0.0 |       0 |      20 |   0.0 |  1005
          D:14 |       0 |    7587 |   0.0 |       0 |      29 |   0.0 |   995
          D:15 |       0 |   14398 |   0.0 |       0 |      42 |   0.0 |  1022
        Lair:1 |       0 |    1109 |   0.0 |       0 |       6 |   0.0 |   877
        Lair:2 |       0 |   11209 |   0.0 |       0 |      40 |   0.0 |  1677
        Lair:3 |       0 |    5587 |   0.0 |       0 |      25 |   0.0 |   720
        Lair:4 |       0 |    1473 |   0.0 |       0 |      11 |   0.0 |   669
        Lair:5 |       0 |    3949 |   0.0 |       0 |      33 |   0.0 |   935
        Lair:6 |       0 |   22539 |   0.0 |       0 |      71 |   0.0 |  1628
       Swamp:1 |       0 |   10567 |   0.0 |       0 |      35 |   0.0 |   819
       Swamp:2 |       0 |    8721 |   0.0 |       0 |      18 |   0.0 |   887
       Swamp:3 |       0 |   14973 |   0.0 |       0 |      31 |   0.0 |  1139
       Swamp:4 |       0 |   28971 |   0.0 |       0 |      62 |   0.0 |  1558
       Snake:1 |       0 |   22265 |   0.0 |       0 |      48 |   0.0 |  1160
       Snake:2 |       0 |   31524 |   0.0 |       0 |      53 |   0.0 |  1947
       Snake:3 |       0 |   27831 |   0.0 |       0 |      48 |   0.0 |  1617
       Snake:4 |       0 |   42668 |   0.0 |       0 |      75 |   0.0 |  1597
         Orc:1 |       0 |    2511 |   0.0 |       0 |      35 |   0.0 |   477
         Orc:2 |       0 |    9993 |   0.0 |       0 |      81 |   0.0 |   708
      Vaults:1 |       0 |   41170 |   0.0 |       0 |      67 |   0.0 |  1513
      Vaults:2 |       0 |   78288 |   0.0 |       0 |     127 |   0.0 |  1594
      Vaults:3 |       0 |   62027 |   0.0 |       0 |     100 |   0.0 |  1995
      Vaults:4 |       0 |   80250 |   0.0 |       0 |     104 |   0.0 |  2194
      Vaults:5 |       0 |  160176 |   0.0 |       0 |     148 |   0.0 |  1930
      Depths:1 |       0 |   29666 |   0.0 |       0 |      35 |   0.0 |  1593
      Depths:2 |       0 |   59053 |   0.0 |       0 |      70 |   0.0 |  2690
      Depths:3 |       0 |   69835 |   0.0 |       0 |      80 |   0.0 |  1724
      Depths:4 |       0 |   83901 |   0.0 |       0 |      64 |   0.0 |  2437
      Depths:5 |       0 |   42141 |   0.0 |       0 |      29 |   0.0 |   658
         Zot:1 |       0 |   39382 |   0.0 |       0 |      20 |   0.0 |   231
         Zot:2 |       0 |   36067 |   0.0 |       0 |      26 |   0.0 |   282
         Zot:3 |       0 |    9555 |   0.0 |       0 |       2 |   0.0 |    56
         Zot:4 |       0 |  100535 |   0.0 |       0 |      44 |   0.0 |  1731
         Zot:5 |       0 |  213055 |   0.0 |       0 |      67 |   0.0 |  1872
         Sewer |       0 |     115 |   0.0 |       0 |       9 |   0.0 |   136
               +---------+---------+-------+---------+---------+-------+---------
